 Dungeon Crawl Stone Soup version 0.25-a0-185-g6cfeca75b2 (webtiles) character file.

Game seed: 3188778618424355592, levelgen mode: deterministic

137 Leeroy the Skirmisher (level 5, -12/48 HPs)
             Began as a Draconian Conjurer on Nov 28, 2019.
             Killed by divine providence
             ... invoked by an orc priest
              (14 damage)
             ... on level 3 of the Dungeon.
             The game lasted 00:07:55 (3064 turns).

Leeroy the Skirmisher (Draconian Conjurer)          Turns: 3064, Time: 00:07:55

Health: -12/48     AC:  6    Str: 10    XL:     5   Next: 0%
Magic:  8/8        EV: 12    Int: 16    God:
Gold:   97         SH:  0    Dex: 12    Spells: 5/8 levels left

rFire    . . .     SeeInvis .   f - +0 short sword
rCold    . . .     Gourm    .   (no shield)
rNeg     . . .     Faith    .   (armour unavailable)
rPois    .         Spirit   .   (helmet restricted)
rElec    .         Reflect  .   (no cloak)
rCorr    .         Harm     .   t - +0 pair of gloves
MR       .....                  (no boots)
Stlth    ++........             (no amulet)
HPRegen  0.16/turn              (no ring)
MPRegen  0.11/turn              (no ring)

@: no status effects
A: unfitting armour, cold-blooded, AC +5
a: no special abilities


You were on level 3 of the Dungeon.
You were hungry.

You visited 1 branch of the dungeon, and saw 3 of its levels.

You collected 97 gold pieces.

Inventory:

Hand Weapons
 d - a +0 mace
 f - a +0 short sword (weapon)
 g - a +0 dagger
Missiles
 i - 44 sling bullets
 o - 4 boomerangs (quivered)
Armour
 t - a +0 pair of gloves (worn)
Jewellery
 a - an uncursed ring of magical power {unknown}
Scrolls
 h - a scroll of remove curse {unknown}
 n - 3 scrolls of identify {unknown}
 q - 2 scrolls of amnesia {unknown}
 r - 3 scrolls of magic mapping {unknown}
 s - a scroll of enchant armour {unknown}
 u - a scroll of immolation {unknown}
 v - a scroll of fog {unknown}
Potions
 c - a potion of flight {unknown}
 e - a potion of invisibility {unknown}
 j - a potion of mutation {unknown}
 k - a potion of resistance {unknown}
 l - a potion of cancellation {unknown}
 m - 2 potions of brilliance {unknown}
 p - 2 potions of curing {unknown}
Comestibles
 b - 8 rations


   Skills:
 - Level 5.0 Fighting
 - Level 1.7 Dodging
 - Level 1.7 Stealth
 - Level 2.0 Spellcasting
 + Level 4.1 Conjurations


You had 5 spell levels left.
You knew the following spells:

 Your Spells              Type           Power        Failure   Level  Hunger
a - Magic Dart            Conj           ##..         3%          1    #......
b - Searing Ray           Conj           ##....       6%          2    ###....

Your spell library contained the following spells:

 Spells                   Type           Power        Failure   Level  Hunger
 Dazzling Spray           Conj/Hex       #.....       26%         3    ###....
 Iskenderun's Mystic Bla  Conj           ##......     36%         4    #####..
 Force Lance              Conj/Tloc      #.......     65%         4    #####..
 Fulminant Prism          Conj/Hex       #.........   65%         4    #####..


Dungeon Overview and Level Annotations

Branches:
Dungeon (3/15)

Altars:
Kikubaaqudgha
Wu Jian


Innate Abilities, Weirdness & Mutations

Your plain brown scales are hard. (AC +5)
You cannot fit into any form of body armour.
You are cold-blooded and may be slowed by cold attacks.


Message History

You are too injured to fight recklessly!
An orc and an orc priest come into view.
The orc shouts!
The orc priest shouts!
An orc comes into view. It is wielding a +0 trident.
Found a leather armour and a scroll labeled GUTHRA MIAPSO.
The orc shouts! x2
The orc priest calls down the wrath of Beogh upon you.
Beogh smites you!
* * * LOW HITPOINT WARNING * * *
The orc priest miscasts a cantrip.
Things that are here:
a +0 whip; 2 stones; a kobold corpse You see here a stone.
You see here a stone.
The orc priest calls down the wrath of Beogh upon you.
Beogh smites you!
* * * LOW HITPOINT WARNING * * *
The orc priest calls down the wrath of Beogh upon you.
Beogh smites you!
You die...

#....)o# #.#
#.#####.#
######o##
#.### #.# #.#
#(.#
#รท..###.# #.#
##.###.......#
#..
#..###'######
##.###.#
#..##.#
#.....#
#..@#.#
#.#<#.#
.......#
#........#
#........#
#........#
#........#
####.#...#


You could see an orc priest.

Vanquished Creatures
  A worker ant (D:2)
  4 adders (D:2)
  An ooze (D:3)
  4 worms
  2 dart slugs
  2 leopard geckos (D:2)
  An orc (D:2)
  A ball python (D:3)
  7 bats
  3 giant cockroaches
  9 hobgoblins
  2 jackals (D:2)
  4 kobolds
  3 frilled lizards
  3 goblins
  7 rats
54 creatures vanquished.

Notes
Turn   | Place    | Note
-------+----------+-------------------------------------------
     0 | D:1      | Leeroy the Draconian Conjurer began the quest for the Orb.
     0 | D:1      | Reached XP level 1. HP: 14/14 MP: 3/3
   226 | D:1      | Reached skill level 1 in Fighting
   784 | D:1      | Reached XP level 2. HP: 19/24 MP: 5/5
   841 | D:1      | Reached skill level 2 in Fighting
  1462 | D:2      | Reached skill level 3 in Fighting
  1484 | D:2      | Reached XP level 3. HP: 15/31 MP: 4/6
  1492 | D:2      | Learned a level 2 spell: Searing Ray
  1980 | D:2      | Found an ornate altar of the Wu Jian Council.
  2066 | D:2      | Reached skill level 4 in Fighting
  2082 | D:2      | Reached XP level 4. HP: 16/41 MP: 2/7
  2790 | D:2      | Reached skill level 5 in Fighting
  2851 | D:3      | Found an ancient bone altar of Kikubaaqudgha.
  2900 | D:3      | HP: 2/42 [worm (6)]
  3037 | D:3      | Reached XP level 5. HP: 21/48 MP: 8/8
  3061 | D:3      | HP: 2/48 [orc priest/divine providence (9)]
  3064 | D:3      | Killed from afar by an orc priest

Levels and vault maps discovered:
D:1:      wander_arrival_estate, layout_loops_ring, roderic_cross_of_infinity,
          hangedman_decor_push
D:2:      layout_loops_cross, marbit_many_paths, minmay_pentomino_pile
D:3:      layout_basic, nicolae_overflow_crystal_walls

Skill      XL: |  1  2  3  4 |
---------------+-------------+-----
Fighting       | 1 3 4 5 |  5.0
Dodging        | |  1.7
Stealth        | |  1.7
Spellcasting   | |  2.0
Conjurations   | |  4.1

Action                   |  1- 3 |  4- 6 || total
-------------------------+-------+-------++-------
Melee: Unarmed           |    21 |       ||    21
       Mace              |    26 |       ||    26
       Tailslap          |    13 |    12 ||    25
       Short sword       |   115 |    71 ||   186
 Cast: Magic Dart        |     8 |     4 ||    12
       Searing Ray       |     3 |     3 ||     6
 Stab: Sleeping          |     3 |     1 ||     4
  Eat: Chunk             |     4 |     3 ||     7
Armor: Skin              |    68 |    18 ||    86
Dodge: Dodged            |   129 |    32 ||   161

Table legend:
 A = Non-vault XP
 B = Vault XP
 C = Vault XP percentage of total XP
 D = Non-vault monster count
 E = Vault monster count
 F = Vault count percentage of total count
                 A         B        C        D         E       F
            +---------+---------+-------+---------+---------+-------
      Total |     118 |      79 |  40.1 |      46 |       8 |  14.8
            +---------+---------+-------+---------+---------+-------
        D:1 |      36 |       0 |   0.0 |      21 |       0 |   0.0
        D:2 |      63 |      79 |  55.6 |      19 |       8 |  29.6
        D:3 |      19 |       0 |   0.0 |       6 |       0 |   0.0
            +---------+---------+-------+---------+---------+-------
